 Dungeon Crawl Stone Soup version 0.29.0-4-gdea44cf6ec (webtiles) character file.

Game seed: 14336465436230697721

336 qw the Chopper (level 6, -4/38 HPs)
             Began as a Gargoyle Fighter on Sept 6, 2022.
             Slain by Edmund
             ... wielding a +3 flail of protection
              (10 damage)
             ... on level 4 of the Dungeon.
             The game lasted 00:01:39 (3246 turns).

qw the Chopper (Gargoyle Fighter)                   Turns: 3246, Time: 00:01:39

Health: -4/38      AC: 14    Str: 21    XL:     6   Next: 54%
Magic:  6/6        EV:  6    Int:  9    God:
Gold:   176        SH:  4    Dex:  9    Spells: 5/5 levels left

rFire   . . .      SeeInvis .   Y - +1 war axe
rCold   . . .      Faith    .   c - +0 buckler
rNeg    + . .      Spirit   .   b - +0 scale mail
rPois   inf        Reflect  .   s - +2 helmet
rElec   +          Harm     .   (no cloak)
rCorr   .          Rampage  .   (no gloves)
Will    .....                   (no boots)
Stlth   ..........              f - amulet of the acrobat
HPRegen 0.12/turn               (no ring)
MPRegen 0.10/turn               (no ring)

@: about to teleport, constricted
A: sickness immunity, AC +4, negative energy resistance 1, electricity
resistance, torment resistance 1, petrification resistance, mutation resistance
1
a: no special abilities


You were on level 4 of the Dungeon.
You visited 1 branch of the dungeon, and saw 4 of its levels.

You collected 176 gold pieces.


Innate Abilities, Weirdness & Mutations

You are immune to sickness and miasma.
Your stone body is resilient. (AC +4)
You are immune to poison.
You resist negative energy. (rN+)
You are resistant to electric shocks. (rElec)
You are resistant to unholy torment.
You are immune to petrification.
You are somewhat resistant to further mutation.


   Skills:
 - Level 4.3 Fighting
 + Level 5.4 Axes
 - Level 3.2 Armour
 - Level 1.0 Dodging
 - Level 3.2 Shields


You had 5 spell levels left.
You didn't know any spells.
Your spell library was empty.

Inventory:

Hand Weapons
 i - a +0 mace
 Y - a +1 war axe (weapon)
Armour
 b - a +0 scale mail (worn)
 c - a +0 buckler (worn)
 s - a +2 helmet (worn)
Jewellery
 f - an amulet of the acrobat (around neck)
 n - a ring of fire
Scrolls
 a - 2 scrolls of teleportation
 q - 2 scrolls of identify
Potions
 d - a potion of might
 j - a potion of curing
 k - a potion of haste
 l - 2 potions of attraction
 o - a potion of mutation
 r - a potion of heal wounds {unknown}

Dungeon Overview and Level Annotations

Branches:
Dungeon (4/15)
 Temple: D:4-7

Altars:
Ashenzari
Fedhas
Xom

Annotations:
D:4 Edmund


Message History

Edmund hits you but does no damage.
You closely miss Edmund. You block Edmund's attack.
Edmund hits you with a +3 flail of protection!
You hit Edmund.
Edmund is lightly wounded.
You barely miss the ball python.
The ball python bites you but does no damage.
The ball python grabs you. The ball python constricts you.
Edmund hits you but does no damage.
You barely miss the ball python. You hit Edmund but do no damage.
The ball python bites you. The ball python constricts you.
Edmund hits you but does no damage.
The ball python bites you but does no damage.
The ball python constricts you.
You hit the ball python.
The ball python is severely wounded.
You barely miss Edmund.
Edmund hits you with a +3 flail of protection!
The ball python bites you but does no damage.
The ball python constricts you.
You closely miss the ball python.
The ball python is severely wounded.
You barely miss Edmund.
Edmund hits you with a +3 flail of protection!
The ball python closely misses you. The ball python constricts you.
You barely miss the ball python.
The ball python is severely wounded.
You closely miss Edmund. The ball python barely misses you.
The ball python constricts you. Edmund closely misses you.
The ball python barely misses you. The ball python constricts you.
Edmund hits you with a +3 flail of protection.
3246 ||| READING 3 scrolls of teleportation.
As you read the scroll of teleportation, it crumbles to dust.
You feel strangely unstable.
The ball python bites you but does no damage.
The ball python constricts you.
Edmund hits you with a +3 flail of protection!
You die...

...# ...# #.....#####
...###########..........
.%..................<...
..........>........!....
........................
........................
................S@......
)...............@.......
)..###+#######..........
)..#....(#...#..........
...#.....#...#.....#####
...#.....#...'.....#
...#.....#...#.....#
...#...)######.....#
...###'##..........#
...................#


You could see Edmund and a ball python.

Vanquished Creatures
  Blork the orc (D:4)
  An orc priest (D:3)
  Natasha (thrice) (D:3)
  An orc wizard (D:3)
  Robin (D:4)
  4 adders
  2 worms
  10 orcs (D:3)
  4 endoplasms
  2 giant cockroaches
  13 goblins
  9 hobgoblins
  2 jackals (D:3)
  3 quokkas
  5 ball pythons
  3 bats (D:3)
  3 frilled lizards
  3 kobolds
  8 rats
78 creatures vanquished.

Vanquished Creatures (others)
  5 fungi (D:3)
5 creatures vanquished.

Grand Total: 83 creatures vanquished

Notes
Turn   | Place    | Note
-------+----------+-------------------------------------------
     0 | D:1      | qw the Gargoyle Fighter began the quest for the Orb.
     0 | D:1      | Reached XP level 1. HP: 14/14 MP: 1/1
     0 | D:1      | 0 ||| qw: Version: 0.1-a-107-g9ff403c
     0 | D:1      | 0 ||| qw: Game counter: 6048
     0 | D:1      | 0 ||| qw: Always use a shield: true
     0 | D:1      | 0 ||| qw: God list: Okawaru
     0 | D:1      | 0 ||| qw: Allow faded altars: false
     0 | D:1      | 0 ||| qw: Do Orc after D:15 true
     0 | D:1      | 0 ||| qw: Do second Lair branch before Depths: true
     0 | D:1      | 0 ||| qw: Lair rune preference: random
     0 | D:1      | 0 ||| qw: Plans: Normal, Zot, God:TSO, Crypt, Tomb, Zig,
                  | Orb
     0 | D:1      | 0 ||| PLANNING D:1-11
    85 | D:1      | Reached skill level 2 in Axes
   116 | D:1      | Found a faded altar of an unknown god.
   185 | D:1      | Reached XP level 2. HP: 19/19 MP: 2/2
   475 | D:1      | 475 ||| READING 4 scrolls labelled FAFAOPU UGADE.
   479 | D:1      | 479 ||| READING scroll labelled QIUTRI UNNUO.
   480 | D:1      | 480 ||| READING scroll labelled UNUS YSHAAHIO.
   481 | D:1      | 481 ||| READING scroll labelled HAEXOI LISE.
   482 | D:1      | 482 ||| READING scroll labelled LUGGUI TIBAPID.
   483 | D:1      | 483 ||| READING scroll labelled WIOJ DYHAWK.
   484 | D:1      | 484 ||| DRINKING 3 bubbling amethyst potions.
   514 | D:2      | 514 ||| STAIRDANCE
   551 | D:2      | 551 ||| FLEEEEING.
   558 | D:2      | 558 ||| STAIRDANCE
   581 | D:1      | 581 ||| UPGRADING to amulet of the acrobat.
   694 | D:2      | Reached skill level 3 in Axes
   802 | D:2      | Reached XP level 3. HP: 16/23 MP: 3/3
   803 | D:2      | 803 ||| Stepping ~*~*~tactically~*~*~ (stealth).
   803 | D:2      | Found a shimmering altar of Xom.
   804 | D:2      | 804 ||| Stepping ~*~*~tactically~*~*~ (stealth).
   889 | D:2      | 889 ||| Stepping ~*~*~tactically~*~*~ (stealth).
  1384 | D:2      | 1384 ||| UPGRADING to +2 helmet.
  1389 | D:2      | 1389 ||| READING scroll labelled BOEMNI LETEXT.
  1490 | D:2      | 1490 ||| READING scroll labelled DOUXU FEUMNI.
  1491 | D:2      | 1491 ||| READING scroll labelled ONIUDY JODIVE.
  1492 | D:2      | 1492 ||| DRINKING 2 pink potions.
  1493 | D:2      | 1493 ||| DRINKING 2 fuming cyan potions.
  1501 | D:3      | Noticed Natasha
  1507 | D:3      | Killed Natasha
  1508 | D:3      | Reached skill level 4 in Axes
  1508 | D:3      | Reached XP level 4. HP: 25/28 MP: 4/4
  1661 | D:3      | Reached XP level 5. HP: 19/32 MP: 5/5
  1661 | D:3      | 1661 ||| FLEEEEING.
  1662 | D:3      | 1662 ||| FLEEEEING.
  1663 | D:3      | 1663 ||| FLEEEEING.
  1664 | D:3      | 1664 ||| FLEEEEING.
  1665 | D:3      | 1665 ||| FLEEEEING.
  1666 | D:3      | 1666 ||| FLEEEEING.
  1672 | D:3      | 1672 ||| FLEEEEING.
  1729 | D:3      | 1729 ||| FLEEEEING.
  1737 | D:3      | 1737 ||| STAIRDANCE
  1782 | D:2      | 1782 ||| READING scroll labelled MYMALA SARI.
  1783 | D:2      | 1783 ||| DRINKING 2 bubbling green potions.
  1783 | D:2      | Gained mutation: You are somewhat resistant to further
                  | mutation. [potion of mutation]
  1856 | D:3      | Noticed Natasha
  1857 | D:3      | 1857 ||| Stepping ~*~*~tactically~*~*~ (stealth).
  1881 | D:3      | 1881 ||| Stepping ~*~*~tactically~*~*~ (hiding).
  1891 | D:3      | Killed Natasha
  2021 | D:3      | 2021 ||| Stepping ~*~*~tactically~*~*~ (stealth).
  2022 | D:3      | 2022 ||| Stepping ~*~*~tactically~*~*~ (stealth).
  2024 | D:3      | 2024 ||| Stepping ~*~*~tactically~*~*~ (stealth).
  2026 | D:3      | 2026 ||| Stepping ~*~*~tactically~*~*~ (stealth).
  2054 | D:3      | Reached skill level 5 in Axes
  2100 | D:3      | Found a blossoming altar of Fedhas.
  2240 | D:3      | Noticed Natasha
  2241 | D:3      | 2241 ||| Stepping ~*~*~tactically~*~*~ (stealth).
  2242 | D:3      | 2242 ||| Stepping ~*~*~tactically~*~*~ (stealth).
  2255 | D:3      | Killed Natasha
  2397 | D:3      | Found a broken altar of Ashenzari.
  2427 | D:3      | 2427 ||| Stepping ~*~*~tactically~*~*~ (hiding).
  2441 | D:3      | Reached XP level 6. HP: 36/38 MP: 6/6
  2847 | D:3      | 2847 ||| DROPPING +1 helmet.
  2848 | D:3      | 2848 ||| DRINKING 2 green potions.
  2849 | D:3      | 2849 ||| READING 2 scrolls of identify.
  2849 | D:3      | 2849 ||| IDENTIFYING fuming sapphire potion
  2850 | D:3      | 2850 ||| DROPPING potion of brilliance.
  2851 | D:3      | 2851 ||| DROPPING potion of flight.
  2949 | D:4      | Noticed Robin
  2960 | D:4      | Reached skill level 1 in Dodging
  2964 | D:4      | Killed Robin
  3048 | D:4      | Noticed Blork the orc
  3056 | D:4      | Killed Blork the orc
  3232 | D:4      | Noticed Edmund
  3245 | D:4      | HP: 6/38 [Edmund/+3 flail of protection (5)]
  3246 | D:4      | 3246 ||| READING 3 scrolls of teleportation.
  3246 | D:4      | Slain by Edmund

Levels and vault maps discovered:
D:1:      shiori_arrival_elements, layout_rooms,
          hellmonk_ecumenical_altar_blasted, due_unseen_surprise
D:2:      layout_rooms, basic_altar
D:3:      layout_loops_ring, mainiacjoe_overflow_alcove_4, marbit_many_paths,
          uniq_natasha
D:4:      layout_gridville, uniq_robin, uniq_edmund, uniq_blork_the_orc

Skill      XL: |  1  2  3  4  5  6 |
---------------+-------------------+-----
Axes           | 2 3 4 5 |  5.4
Fighting       | 4 |  4.3
Dodging        | 1 |  1.0
Armour         | |  3.2
Shields        | |  3.2

Action                   |  1- 3 |  4- 6 || total
-------------------------+-------+-------++-------
Melee: War axe           |    88 |   144 ||   232
  Use: Scroll            |     9 |     3 ||    12
       Potion            |     3 |     2 ||     5
Armor: Scale mail        |    32 |    89 ||   121
Dodge: Dodged            |    44 |    77 ||   121
Block: Buckler           |     7 |    29 ||    36

Table legend:
 A = Non-vault XP
 B = Vault XP
 C = Vault XP percentage of total XP
 D = Non-vault monster count
 E = Vault monster count
 F = Vault count percentage of total count
                 A         B        C        D         E       F
            +---------+---------+-------+---------+---------+-------
      Total |     305 |     176 |  36.6 |      62 |      16 |  20.5
            +---------+---------+-------+---------+---------+-------
        D:1 |      18 |       0 |   0.0 |      12 |       0 |   0.0
        D:2 |      53 |       0 |   0.0 |      17 |       0 |   0.0
        D:3 |     220 |      37 |  14.4 |      31 |       2 |   6.1
        D:4 |      14 |     139 |  90.8 |       2 |      14 |  87.5
            +---------+---------+-------+---------+---------+-------
